 Dungeon Crawl Stone Soup version 0.31.0-2-g5a2aebc5c2 (webtiles) character file.

Game seed: 11700808471891803872

400 Quazifuji the Changeling (level 6, -8/47 HPs)
             Began as a Merfolk Shapeshifter on Jan 20, 2024.
             Mangled by a gnoll
             ... wielding a +0 halberd
             ... led by a gnoll bouda
              (11 damage)
             ... on level 5 of the Dungeon.
             The game lasted 00:09:17 (3210 turns).

Quazifuji the Changeling (Merfolk Shapeshifter)     Turns: 3210, Time: 00:09:18

Health: -8/47      AC:  5    Str: 15    XL:     6   Next: 84%
Magic:  6/6        EV: 13    Int:  9    God:
Gold:   183        SH:  0    Dex: 15    Spells: 5/5 levels left

rFire   . . .        p - +4 short sword
rCold   . . .        (no shield)
rNeg    . . .        e - +0 leather armour
rPois   .            (helmet currently unavailable)
rElec   .            (cloak currently unavailable)
rCorr   .            (gloves currently unavailable)
SInv    .            (boots currently unavailable)
Will    .....        (no amulet)
Stlth   +            (no ring)
HPRegen 0.27/turn    (no ring)
MPRegen 0.10/turn

%: clarity
@: beast-form, weakened
A: beast (slay +3), (nimble swimmer 2), mertail, iridescent scales 1, clarity
a: Begin Untransformation


You were on level 5 of the Dungeon.
You were a hulking beast.
You visited 1 branch of the dungeon, and saw 5 of its levels.

You collected 183 gold pieces.

Inventory:

Hand Weapons
 f - a +0 dagger of draining
 p - a +4 short sword (weapon)
Missiles
 h - 48 stones (quivered)
 i - 4 boomerangs
Armour
 e - a +0 leather armour (worn)
 g - a +0 helmet
Jewellery
 a - a ring of resist corrosion
Talismans
 c - a beast talisman (active)
 d - a flux talisman
Wands
 m - a wand of paralysis (8)
Scrolls
 k - a scroll of amnesia
 l - a scroll of poison
 o - a scroll of immolation {unknown}
Potions
 b - 3 potions of lignification
 j - 2 potions of might
 n - 2 potions of curing {unknown}
 q - 2 potions of cancellation
 r - a potion of brilliance {unknown}


   Skills:
 + Level 3.3 Fighting
 + Level 4.8 Dodging
 + Level 4.6 Unarmed Combat
 * Level 6.4 Shapeshifting


You had 5 spell levels left.
You didn't know any spells.
Your spell library contained the following spells:

 Spells                   Type           Power      Damage    Failure   Level
 Slow                     Hex            0%         N/A       45%         1
 Ensorcelled Hibernation  Hex/Ice        0%         N/A       58%         2
 Jinxbite                 Hex            0%         N/A       58%         2
 Passwall                 Erth           0%         N/A       83%         3
 Swiftness                Air            0%         N/A       83%         3
 Tukima's Dance           Hex            0%         N/A       83%         3
 Cause Fear               Hex            0%         N/A       99%         4
 Passage of Golubria      Tloc           0%         N/A       99%         4
 Metabolic Englaciation   Hex/Ice        0%         N/A       100%        5
 Yara's Violent Unravell  Hex/Alch       0%         3d3       100%        5


Dungeon Overview and Level Annotations

Branches:
Dungeon (5/15)
 Temple: D:4-7

Altars:
Sif Muna

Shops:
D:3 [


Innate Abilities, Weirdness & Mutations

You are a hulking beast.
Your limbs bulge with bestial killing power. (Slay +3)
((You are very nimble when in or above water. (Stealth+, EV+, Speed+++)))
Your lower body shifts to a powerful aquatic tail in water.
You are partially covered in iridescent scales. (AC +2)
You possess an exceptional clarity of mind.


Message History

A hound comes into view.
The gnoll hits you from afar with a +0 halberd.
The gnoll bouda gazes fiercely through you!
You feel your attacks grow feeble.
The hound barks!
The gnoll completely misses you. The gnoll barely misses you.
The gnoll bouda barks out a call to the hunt!
The gnoll picks up the pace!
The gnoll hits you from afar with a +0 spear!
The gnoll misses you.
The gnoll bouda gazes fiercely through you!
You feel as though you will be weak longer.
The gnoll hits you from afar with a +0 spear!
The gnoll closely misses you.
You are too injured to fight recklessly!
You are too injured to fight recklessly!
You are too injured to fight recklessly!
You hit the gnoll bouda but do no damage.
The gnoll barely misses you. x2
The gnoll bouda hits you with a +0 whip.
You hit the gnoll bouda.
The gnoll bouda is lightly wounded.
The gnoll barely misses you.
The gnoll hits you from afar with a +0 halberd!
* * * LOW HITPOINT WARNING * * *
The gnoll bouda hits you with a +0 whip.
* * * LOW HITPOINT WARNING * * *
Your attacks no longer feel as feeble.
The gnoll bouda gazes fiercely through you!
You feel your attacks grow feeble.
You completely miss the gnoll bouda.
The gnoll bouda is lightly wounded.
You barely miss the gnoll bouda.
The gnoll bouda is lightly wounded.
The gnoll bouda barely misses you.
You closely miss the gnoll bouda.
The gnoll bouda is lightly wounded.
The gnoll bouda closely misses you.
The gnoll hits you from afar with a +0 halberd!
You die...

........<.........
....##............
...........######.
...#)#...#.###....
+.....g........
#.#.#.#.###.##.
#.#.#.#g## .# #
#.#.#.g##.##
..##hgh..# ####..#
....# .##..# .. .#
.# .# .# . .#


You could see a gnoll bouda, a hound and 2 gnolls.

Vanquished Creatures
  A black bear (D:4)
  Blork the orc (D:4)
  A bombardier beetle (D:4)
  3 orc wizards (D:3)
  Robin (D:2)
  3 adders
  3 dart slugs
  2 ribbon worms
  3 orcs (D:3)
  5 endoplasms
  13 goblins
  12 hobgoblins
  7 jackals
  4 quokkas
  8 ball pythons
  A bat (D:3)
  6 frilled lizards
  10 kobolds
  5 rats
89 creatures vanquished.

Notes
Turn   | Place    | Note
-------+----------+-------------------------------------------
     0 | D:1      | Quazifuji the Merfolk Shapeshifter began the quest for the
                  | Orb.
     0 | D:1      | Reached XP level 1. HP: 15/15 MP: 1/1
   208 | D:1      | Reached XP level 2. HP: 21/21 MP: 2/2
   486 | D:1      | Reached XP level 3. HP: 22/26 MP: 3/3
   784 | D:1      | Found a faded altar of an unknown god.
   912 | D:2      | Noticed Robin
   917 | D:2      | Gained mutation: You are partially covered in iridescent
                  | scales. (AC +2) [potion of mutation]
   917 | D:2      | Gained mutation: You possess an exceptional clarity of
                  | mind. [potion of mutation]
   927 | D:2      | Killed Robin
   932 | D:2      | Reached XP level 4. HP: 16/33 MP: 4/4
  1629 | D:3      | Reached skill level 5 in Shapeshifting
  1631 | D:3      | Found Weclu's Armour Emporium.
  1937 | D:3      | Found a shimmering blue altar of Sif Muna.
  1947 | D:3      | Reached XP level 5. HP: 33/39 MP: 5/5
  1965 | D:3      | Got the Vellum of Spellbinding
  2695 | D:4      | Noticed Blork the orc
  2713 | D:4      | Killed Blork the orc
  2714 | D:4      | Reached skill level 6 in Shapeshifting
  2714 | D:4      | Reached XP level 6. HP: 9/47 MP: 6/6
  3122 | D:4      | Noticed a black bear
  3133 | D:4      | Killed a black bear
  3184 | D:5      | Entered Level 5 of the Dungeon
  3204 | D:5      | HP: 1/47 [gnoll bouda/+0 whip (5)]
  3210 | D:5      | Mangled by a gnoll

Illustrated notes

Levels and vault maps discovered:
D:1:      psy_arrival_fountain, layout_basic,
          dilly_ecumenical_altar_fadedgnrine, amcnicky_mini_pool_small,
          grunt_decor_fettered
D:2:      layout_loops_ring, minivault_26, chequers_serial_rivers_micro_d,
          uniq_robin
D:3:      layout_loops_ring, mainiacjoe_overflow_cross_hatched, serial_shops,
          nicolae_shop_trees
D:4:      layout_rooms, serial_glass, glass_columns_a, glass_columns_a,
          glass_columns_a, glass_columns_b, glass_columns_b, glass_columns_a,
          glass_columns_c, glass_columns_a, uniq_blork_the_orc
D:5:      layout_basic

Skill      XL: |  1  2  3  4  5 |
---------------+----------------+-----
Dodging        | 3 4 |  4.8
Fighting       | 2 3 |  3.3
Shapeshifting  | 5 6 |  6.4
Unarmed Combat | 4 |  4.6

Action                     |  1- 3 |  4- 6 || total
---------------------------+-------+-------++-------
  Melee: Unarmed           |    18 |       ||    18
         Punch             |     5 |     8 ||    13
         Dagger            |    59 |    62 ||   121
         Short sword       |       |    91 ||    91
         Tailslap          |       |     1 ||     1
    Use: Potion            |     1 |     2 ||     3
         Scroll            |       |     4 ||     4
   Stab: Sleeping          |     2 |       ||     2
         Distracted        |       |     1 ||     1
 Armour: Animal skin       |     2 |       ||     2
         Leather armour    |    27 |    90 ||   117
  Dodge: Dodged            |    33 |   118 ||   151
   Form: Beast             |     1 |       ||     1
